Unix NetHack Version 5.0.0-0 post-release - last build May 31 2026 23:59:36 (970b52f25bf058293b47ddfd14a1e40e571c508c,branch:main).

Game began 2026-06-09 12:21:03, ended 2026-06-09 13:57:24.

ARFwashere, lawful male dwarven Archeologist

                        ---------------------------------#
                        |...............................|#      --------
                        |.---------------.-----------...-#      |......|
                        |.|)?%%|...|.(..|.|)...|(((.|..(|#      |.).)[.|
 -----------            |.-../%|.)[|(!(.|.|....|((..|...|#      |......|
 |.........|            |.|.+.!|...|(?(.).-....|(((.-...|##     -|---+--
 |..........###         |.------|--------.----------|...|#########   #
 |.......>.|###         |......?@h....{....|.)..|!%]|..(|###         #
 ---------.- #  #       |....-+-----.......|.._.|..%|...|#           #
         ##  ######     |....|..|..|.......|....|%%%|...|#           #
       ###       #######.....|..|.)|.%....{|.)).|...|...|#        ####
        ##       #      |....----+--.......-|-----|--...|#   #  --.-+-
        #  ##   #0######....(.).%...[...........[.......|#######+..*<|
    ----.--.----## #    |.----|-----..........--|-.[....|#   ###|....|
    |....^(.....##  ### |.|..|..|..-..[.......|..|......|#     #.....|
    |..........|###  ###..-..|).|..|..........|?.|......|#      ------
    |..........|  ####  ---------------------------------#
    ------------     #####################################

ARFwashere the Investigator  St:18 Dx:10 Co:14 In:12 Wi:16 Ch:11  Lawful
Dlvl:6  $:318 HP:0(44) Pw:21(21) AC:2  Xp:6 T:5257  Hungry  

Latest messages:
 (For instructions type a '?')
 You materialize in a different location!
 What do you want to wield? [- a or ?*] a
 You are already wielding that!
 You see here a worthless piece of violet glass.
 You see here a worthless piece of violet glass.
 You feel wise!
 You must have been very observant.
 You find a hidden passage.
 "Hello, ARFwashere!  Welcome again to Tjisolok's delicatessen!"
 You see here an orc corpse.
 You hear a door open.
 You see here a candle.
 With great effort you move the boulder.
 You swap places with the peaceful gnome.
 You hear a door open.
 You see here a candle.
 You see here a candle.
 You are beginning to feel hungry.
 You descend the stairs.
 You lash the dog!
 The dog bites!
 You lash the dog!
 The dog bites!
 You kill the dog!
 Welcome to experience level 6.
 You climb up the stairs.
 You hear some noises in the distance.
 The bugbear wields a thonged club!
 The bugbear secures the tether on the thonged club.
 The bugbear swings her thonged club.
 The bugbear hits!
 You miss the bugbear.
 The bugbear swings her thonged club.
 The bugbear hits!
 You lash the bugbear!
 The bugbear swings her thonged club.
 The bugbear hits!
 You miss the bugbear.
 The bugbear swings her thonged club.
 The bugbear hits!
 You miss the bugbear.
 The bugbear swings her thonged club.
 The bugbear hits!
 You die...
 Do you want your possessions identified? [ynq] (y) y
 Do you want to see your attributes? [ynq] (y) n
 Do you want an account of creatures vanquished? [ynaq] (y) n
 Do you want to see your conduct and achievements? [ynq] (y) y
 Do you want to see the dungeon overview? [ynq] (y) y

Inventory:
 Coins    ('$')
  $ - 318 gold pieces
 Weapons  (')')
  a - a blessed +2 bullwhip (weapon in right hand)
 Armor    ('[')
  Y - an uncursed +0 dwarvish iron helm (being worn)
  D - an uncursed +0 pair of leather gloves (being worn)
  Z - an uncursed +0 pair of iron shoes (being worn)
  c - an uncursed +0 dwarvish cloak (being worn)
  E - an uncursed +0 studded leather armor (being worn)
 Comestibles  ('%')
  d - 3 uncursed food rations
  C - an uncursed homemade tin of violet fungus
 Scrolls  ('?')
  Q - an uncursed scroll of confuse monster
  n - an uncursed scroll of enchant armor
 Potions  ('!')
  J - an uncursed potion of full healing
  j - an uncursed potion of healing
  F - an uncursed potion of object detection
  q - 2 uncursed potions of oil
  M - a potion of unholy water
 Rings    ('=')
  o - an uncursed ring of conflict
 Wands    ('/')
  L - a wand of light (0:14)
  V - a wand of light (0:14)
  W - a wand of lightning (0:3)
 Tools    ('(')
  h - an uncursed sack containing 1 item
  R - an empty uncursed sack
  l - an uncursed oil lamp
  k - an uncursed skeleton key
  f - a tinning kit (0:35)
 Gems/Stones  ('*')
  G - an uncursed jasper stone
  g - an uncursed touchstone

Contents of the sack:
  a +0 pick-axe

ARFwashere the Archeologist's attributes:

Background:
 You were an Investigator, a level 6 male dwarven Archeologist.
 You were lawful, on a mission for Quetzalcoatl
 who was opposed by Camaxtli (neutral) and Huhetotl (chaotic).
 You were right-handed.
 You were in the Gnomish Mines, on level 6.
 You entered the dungeon 5257 turns ago.
 You had 326 experience points, 314 more were needed to attain level 7.

Basics:
 You had 0 out of 44 hit points.
 You had all 21 energy points (spell power).
 Your armor class was 2.
 Your wallet contained 318 zorkmids.
 Autopickup was on for '$' plus thrown.

Final Characteristics:
 Your strength was 18 (limit:18/100).
 Your dexterity was 10 (limit:20).
 Your constitution was 14 (limit:20).
 Your intelligence was 12 (limit:16).
 Your wisdom was 16 (limit:16).
 Your charisma was 11 (limit:16).

Final Status:
 You were hungry.
 You were unencumbered.
 You were wielding a whip.
 You had basic skill with whip and could have enhanced that.

Final Attributes:
 You were piously aligned.
 Your items were somewhat protected from fire.
 Your items were somewhat protected from cold.
 You had automatic searching.
 You had infravision.
 You were stealthy.
 You were warded.
 You are dead.

Miscellaneous:
 You didn't encounter any bones levels.
 Total elapsed playing time was 1 hour, 36 minutes and 21 seconds.

Major events:
 Turn
    1: ARFwashere the lawful male dwarven Archeologist entered the dungeon
  516: entered the Gnomish Mines
  587: attained the rank of Field Worker (level 3)
 3279: reached Mine Town
 5223: attained the rank of Investigator (level 6)
 5257: killed by a bugbear

You didn't know any spells.

Skills:
 Fighting Skills
   bare handed combat [Unskilled]
   two weapon combat  [Unskilled]
   riding             [Unskilled]
 Weapon Skills
   dagger             [Unskilled]
   knife              [Unskilled]
   pick-axe           [Basic]
   short sword        [Unskilled]
   saber              [Unskilled]
   club               [Unskilled]
   quarterstaff       [Unskilled]
   sling              [Unskilled]
   dart               [Unskilled]
   boomerang          [Unskilled]
   whip               [Basic]
   unicorn horn       [Unskilled]
 Spellcasting Skills
   attack spells      [Unskilled]
   healing spells     [Unskilled]
   divination spells  [Unskilled]
   matter spells      [Unskilled]

Voluntary challenges:
 Character rerolling was not enabled.
 You never genocided any monsters.
 You never polymorphed an object.
 You never changed form.
 You used no wishes.
Achievements:
 You entered the Gnomish Mines.
 You attained the rank of Field Worker.
 You entered Minetown.
 You entered a temple.
 You entered a shop.
 You attained the rank of Investigator.

 The Dungeons of Doom: levels 1 to 2
    Level 1:
       A fountain.
    Level 2:
       A fountain, a sink.
       Stairs down to The Gnomish Mines.
 The Gnomish Mines: levels 3 to 7
    Level 3:
    Level 4:
    Level 5:
    Level 6: <- You were here.
       Many shops, a temple and an altar, some fountains.
       Final resting place for
          you, killed by a bugbear.
    Level 7:


Vanquished creatures:
  a small mimic
  4 watchmen
  a leprechaun
  a dog
  a mountain nymph
 an orc shaman
  a rock piercer
  a rock mole
  a violet fungus
  6 gnome leaders
  5 gnomish wizards
  2 gray oozes
  4 elf zombies
  a ghoul
  a paper golem
  a giant ant
  2 floating eyes
  a dwarf
  2 homunculi
  a kobold shaman
  5 hill orcs
  2 rothes
  a rabid rat
  2 giant bats
 an orc zombie
  a dwarf zombie
  3 wererats
  6 iguanas
 an acid blob
  2 coyotes
  a gas spore
  a hobbit
  8 manes
  2 hobgoblins
  2 giant rats
  2 cave spiders
  a brown mold
  a red mold
 29 gnomes
  a gnome zombie
  2 geckos
  5 jackals
  2 kobolds
  3 goblins
  3 sewer rats
  5 grid bugs
  6 lichens
  a kobold zombie
 13 newts
150 creatures vanquished.

No species were genocided or became extinct.

Game over:
                       ----------
                      /          \
                     /    REST    \
                    /      IN      \
                   /     PEACE      \
                  /                  \
                  |    ARFwashere    |
                  |      318 Au      |
                  |   killed by a    |
                  |     bugbear      |
                  |                  |
                  |                  |
                  |       2026       |
                 *|     *  *  *      | *
        _________)/\\_//(\/(/\)/\//\/|_)_______

Goodbye ARFwashere the Archeologist...

You died in The Gnomish Mines on dungeon level 6 with 1941 points,
and 318 pieces of gold, after 5257 moves.
You were level 6 with a maximum of 44 hit points when you died.

